 Dungeon Crawl Stone Soup version 0.17-a0-1945-gfe993df (webtiles) character file.

2516 Kuldar the Fighter (level 9, -4/82 HPs)
             Began as a Minotaur Berserker on Oct 1, 2015.
             Was an Elder of Trog.
             Slain by a killer bee (7 damage)
             ... on level 8 of the Dungeon.
             The game lasted 00:17:04 (5621 turns).

Kuldar the Fighter (Minotaur Berserker)             Turns: 5621, Time: 00:17:04

Health: -4/82      AC: 10    Str: 24    XL:     9   Next: 29%
Magic:  8/8        EV: 14    Int:  4    God:    Trog [****..]
Gold:   116        SH:  0    Dex: 11    Spells: 0 memorised, 8 levels left

rFire  . . .     SeeInvis .     b - +3 war axe
rCold  + + .     Clarity  .     d - +1 ring mail
rNeg   . . .     SustAt   .     (no shield)
rPois  .         Gourm    .     (helmet restricted)
rElec  .         Spirit   .     E - +0 cloak
rCorr  .         Warding  .     x - +0 pair of gloves
rMut   .         Stasis   .     (no boots)
MR     ++...                    (no amulet)
Stlth  +.........               k - ring of protection from cold
                                i - ring of protection from cold

@: lethally poisoned (-4 -> -5), regenerating, very resistant to hostile
enchantments, very unstealthy
A: retaliatory headbutt, horns 2
a: Burn Spellbooks, Berserk, Trog's Hand, Brothers in Arms, Renounce Religion


You were on level 8 of the Dungeon.
You worshipped Trog.
Trog was greatly pleased with you.
You were very hungry.

You visited 1 branch of the dungeon, and saw 8 of its levels.

You collected 421 gold pieces.
You spent 305 gold pieces at shops.

Inventory:

Hand weapons
 b - a +3 war axe (weapon)
 s - a +0 blowgun
Missiles
 r - 38 poisoned needles
Armour
 d - a +1 ring mail (worn)
 x - a +0 pair of gloves (worn)
 E - a +0 cloak (worn)
Jewellery
 i - a ring of protection from cold (left hand)
 k - a ring of protection from cold (right hand)
 D - an uncursed ring of protection from magic {unknown}
 L - an uncursed amulet of warding {unknown}
Magical devices
 o - a wand of random effects (23)
 I - a wand of flame (26)
 K - a wand of fire (7)
Scrolls
 e - 10 scrolls of identify {unknown}
 h - 3 scrolls of teleportation {unknown}
 n - a scroll of fog {unknown}
 p - 2 scrolls of random uselessness {unknown}
 u - 3 scrolls of recharging {unknown}
 w - a scroll of enchant weapon {unknown}
 z - a scroll of torment {unknown}
 A - 3 scrolls of remove curse
 B - 2 scrolls of immolation {unknown}
 C - a scroll of brand weapon {unknown}
 J - a scroll of blinking {unknown}
Potions
 a - a potion of berserk rage {unknown}
 g - a potion of lignification {unknown}
 j - 3 potions of curing
 l - a potion of heal wounds {unknown}
 m - a potion of magic {unknown}
 t - a potion of ambrosia {unknown}
 v - 2 potions of haste {unknown}
 H - a potion of flight {unknown}
 M - a potion of agility {unknown}
Books
 y - a book of Transfigurations

   Spells                             Type                      Level
   a - Stoneskin                      Transmutation/Earth          2
   b - Irradiate                      Conjuration/Transmutation    5
   c - Statue Form                    Transmutation/Earth          6
   d - Hydra Form                     Transmutation                6
   e - Dragon Form                    Transmutation                7
   Trog disapproves of the use of such an item.
 G - a book of Party Tricks

   Spells                             Type                      Level
   a - Summon Butterflies             Summoning                    1
   b - Apportation                    Translocation                1
   c - Tukima's Dance                 Hexes                        3
   d - Alistair's Intoxication        Transmutation/Poison         4
   e - Invisibility                   Hexes                        6
   Trog disapproves of the use of such an item.
Comestibles
 c - 6 bread rations
 f - a slice of pizza
 q - 3 meat rations
 F - a beef jerky


   Skills:
 * Level 8.6 Fighting
 * Level 8.3 Axes
 * Level 7.8 Armour
 * Level 7.1 Dodging


You had 8 spell levels left.
You didn't know any spells.

Dungeon Overview and Level Annotations

Branches:
Dungeon (8/15)             Temple (0/1) D:6
   Lair: D:8-11

Altars:
Ashenzari
Kikubaaqudgha
Makhleb
Nemelex Xobeh
Qazlal
Ru

Shops:
D:8 *


Innate Abilities, Weirdness & Mutations

You reflexively headbutt those who attack you in melee.
You have a pair of horns on your head.


Message History

Your headbutt misses the killer bee.
The killer bee is lightly wounded.
You hit the killer bee.
The killer bee is lightly wounded.
You feel sick. The killer bee barely misses you.
The killer bee completely misses you. You furiously retaliate!
You headbutt the killer bee, but do no damage.
The killer bee barely misses you. x2
A giant cockroach comes into view.
You slash the killer bee!
The killer bee is almost dead.
You miss the killer bee.
The killer bee is lightly wounded.
You feel sick. The killer bee misses you. The killer bee stings you.
* * * LOW HITPOINT WARNING * * *
You are more poisoned.
The killer bee poisons you! The killer bee stings you.
* * * LOW HITPOINT WARNING * * *
The killer bee stings you!
You die...

.###...###..##'###
.........'..#....#
.........#..#....#
.........#..+....#
.##...####.###..##
.##...# ##.###...#
.#....#
.........#### .
.#....#
........##..##..#
.)))..+
........@y†.....#
.#....#
.......y#y†......
.##+###
.$.##...##†......
.# +........
....... ...
.....#### .......
.... .s#. ....###
####+ ..## #..## #
#.. . ...


You could see 3 killer bees and a giant cockroach.

Vanquished Creatures
  Eustachio (D:4)
  A hungry ghost (D:6)
  An ice beast (D:6)
  An ogre (D:6)
  4 centaurs
  A big kobold (D:8)
  A giant frog (D:6)
  10 killer bees (D:8)
  4 wights (D:7)
  2 crimson imps
  A giant frog zombie (D:5)
  2 iguanas (D:3)
  2 human zombies (D:7)
  2 hounds
  2 centaur skeletons (D:5)
  Natasha (D:3)
  3 human skeletons (D:7)
  2 orc priests (D:4)
  2 worker ants
  4 orc wizards
  2 mummies (D:7)
  A hound skeleton (D:7)
  2 hound zombies
  An ogre skeleton (D:7)
  A worker ant zombie (D:7)
  9 gnolls
  7 adders
  2 oozes
  2 adder skeletons
  3 worms
  6 giant geckos
  18 orcs
  4 bats
  9 hobgoblins
  4 jackals (D:1)
  8 kobolds
  4 quokkas
  3 ball pythons
  6 giant cockroaches
  3 giant newts
  7 goblins
  A jackal zombie (D:7)
  A quokka skeleton (D:5)
  12 rats
163 creatures vanquished.

Notes
Turn   | Place    | Note
--------------------------------------------------------------
     0 | D:1      | Kuldar the Minotaur Berserker began the quest for the Orb.
     0 | D:1      | Reached XP level 1. HP: 19/19 MP: 0/0
   236 | D:1      | Reached skill level 4 in Fighting
   256 | D:1      | Reached XP level 2. HP: 22/27 MP: 1/1
   890 | D:2      | Acquired Trog's second power
   931 | D:2      | Reached XP level 3. HP: 29/33 MP: 2/2
  1081 | D:2      | Reached XP level 4. HP: 27/41 MP: 3/3
  1570 | D:2      | Found a stormy altar of Qazlal.
  1582 | D:2      | Found a sacrificial altar of Ru.
  1950 | D:3      | Reached XP level 5. HP: 38/47 MP: 4/4
  2123 | D:3      | Noticed Natasha
  2130 | D:3      | Killed Natasha
  2130 | D:3      | Reached skill level 5 in Fighting
  2459 | D:4      | Found a burning altar of Makhleb.
  2534 | D:4      | Reached skill level 5 in Axes
  2635 | D:4      | Noticed Eustachio
  2733 | D:4      | Killed Eustachio
  2733 | D:4      | Reached XP level 6. HP: 53/57 MP: 5/5
  2826 | D:4      | Acquired Trog's third power
  2979 | D:4      | Reached skill level 6 in Fighting
  2979 | D:4      | Reached skill level 5 in Armour
  2979 | D:4      | Reached XP level 7. HP: 56/63 MP: 6/6
  3198 | D:5      | Entered Level 5 of the Dungeon
  3483 | D:5      | Found a sparkling altar of Nemelex Xobeh.
  3505 | D:5      | Reached skill level 5 in Dodging
  3910 | D:6      | Reached skill level 7 in Fighting
  3910 | D:6      | Reached XP level 8. HP: 70/73 MP: 7/7
  4061 | D:6      | Found a shattered altar of Ashenzari.
  4120 | D:6      | Found a staircase to the Ecumenical Temple.
  4202 | D:6      | Found a sparkling altar of Nemelex Xobeh.
  5346 | D:7      | Reached skill level 8 in Fighting
  5358 | D:7      | Found an ancient bone altar of Kikubaaqudgha.
  5366 | D:7      | Reached XP level 9. HP: 54/81 MP: 8/8
  5483 | D:8      | Found Gemeoj's Assorted Antiques.
  5485 | D:8      | Got a shimmering leather armour
  5497 | D:8      | Identified the +3 leather armour of Okhlid {Dex+2} (You found it on level 8 of the Dungeon)
  5512 | D:8      | Bought a scroll labeled YHIMASUPNA for 28 gold pieces
  5512 | D:8      | Bought a twisted ivory wand for 112 gold pieces
  5512 | D:8      | Bought a dented cameo amulet for 140 gold pieces
  5512 | D:8      | Bought a sedimented red potion for 25 gold pieces
  5524 | D:8      | Noticed P0WERM0DE's ghost (experienced TrMo)
  5621 | D:8      | HP: 3/82 [killer bee (6)]
  5621 | D:8      | Slain by a killer bee

Vault maps used:
D:1:      dpeg_arrival_three_same_balls
D:2:      wad_lake_hut, amethyst_overflow_temple_binary, minmay_rat_gold_closets
D:3:      uniq_natasha
D:4:      nicolae_overflow_hidden_temple, first_bread, uniq_eustachio
D:5:      lemuel_crystal_altar
D:6:      evilmike_ruin_ashenzari, minmay_temple_entry_purple_smoke,
          nemelex_dance_club_becter
D:7:      lemuel_mausoleum_altar_kikubaaqudgha
D:8:      overflow_temple_1_default, overflow_temple_1_default, basic_altar,
          serial_shops, shop, david_nohive_1, uniq_prince_ribbit1

Action                   |  1- 3 |  4- 6 |  7- 9 || total
-------------------------+-------+-------+-------++-------
Melee: Hand axe          |    81 |   139 |       ||   220
       War axe           |       |    17 |   168 ||   185
Invok: Trog's Hand       |       |     1 |     1 ||     2
  Use: Scroll            |       |     3 |       ||     3
       Potion            |       |       |     1 ||     1
  Eat: Chunk             |     1 |     6 |     8 ||    15
